 Dungeon Crawl Stone Soup version 0.32-a0-699-g1ee5eff69a (webtiles) character file.

Game seed: 308855837984363541

1686 Dirtsage the Changeling (level 9, -1/60 HPs)
             Began as an Octopode Shapeshifter on Mar 13, 2024.
             Was a Follower of the Shining One.
             Slain by a centaur (6 damage)
             ... on level 7 of the Dungeon on Mar 14, 2024.
             The game lasted 00:09:02 (5652 turns).

Dirtsage the Changeling (Octopode Shapeshifter)     Turns: 5652, Time: 00:09:04

Health: -1/60      AC:  1    Str: 13    XL:     9   Next: 2%
Magic:  9/9        EV: 14    Int: 12    God:    the Shining One [*.....]
Gold:   409        SH:  0    Dex: 16    Spells: 8/8 levels left

rFire   . .          .
                       - Unarmed
rCold   . . .        (no shield)
rNeg    . . .        (helmet currently unavailable)
rPois   .            (no amulet)
rElec   .            C - ring of resist corrosion
rCorr   +            (no ring)
SInv    .            (no ring)
Will    .....        (no ring)
Stlth   +            (no ring)
HPRegen 0.30/turn    (no ring)
MPRegen 0.11/turn    (no ring)
                     (no ring)

%: no passive effects
@: beast-form, glowing
A: beast (slay +4), almost no armour, amphibious, 8 rings, camouflage 1,
gelatinous body 1, (nimble swimmer 1), tentacles
a: Begin Untransformation, Renounce Religion, Divine Shield


You were on level 7 of the Dungeon.
You worshipped the Shining One.
The Shining One was aware of your devotion.
You were a hulking beast.
You visited 2 branches of the dungeon, and saw 8 of its levels.

You collected 409 gold pieces.

Inventory:

Hand Weapons
 u - the +7 sling "Lacertilianslayer" {freeze, rCorr Dex+4}
   (You found it on level 6 of the Dungeon)

   Dex+4:     It affects your dexterity (+4).
   rCorr:     It protects you from acid and corrosion.
Missiles
 r - a throwing net (quivered)
Magical Staves
 v - a staff of air
Jewellery
 C - a ring of resist corrosion (left tentacle)
Talismans
 b - a beast talisman (active)
 c - a flux talisman
 k - a blade talisman
 n - a flux talisman
Wands
 w - a wand of charming (11)
Scrolls
 e - 2 scrolls of poison {unknown}
 f - 2 scrolls of fear {unknown}
 g - 2 scrolls of silence {unknown}
 h - a scroll of brand weapon {unknown}
 i - 2 scrolls of immolation {unknown}
 l - 2 scrolls of teleportation {unknown}
 m - a scroll of torment {unknown}
 o - 2 scrolls of identify {unknown}
 p - 2 scrolls of enchant armour {unknown}
 x - a scroll of amnesia {unknown}
Potions
 a - 3 potions of lignification
 d - 2 potions of degeneration {unknown}
 j - a potion of magic {unknown}
 q - a potion of curing
 s - a potion of cancellation {unknown}
 t - a potion of heal wounds {unknown}


   Skills:
 + Level 4.9 Fighting
 + Level 5.2 Dodging
 + Level 5.7 Unarmed Combat
 * Level 7.2 Shapeshifting


You had 8 spell levels left.
You didn't know any spells.
Your spell library contained the following spells:

 Spells                   Type           Power      Damage    Failure   Level
 Sandblast                Erth           0%         2d4       32%         1
 Slow                     Hex            0%         N/A       32%         1
 Summon Small Mammal      Summ           0%         N/A       32%         1
 Call Imp                 Summ           0%         N/A       45%         2
 Ensorcelled Hibernation  Hex/Ice        0%         N/A       45%         2
 Sublimation of Blood     Necr           0%         N/A       45%         2
 Call Canine Familiar     Summ           0%         N/A       69%         3
 Confusing Touch          Hex            0%         N/A       69%         3
 Dazzling Flash           Conj/Hex       0%         N/A       69%         3
 Mephitic Cloud           Conj/Alch/Air  0%         N/A       69%         3
 Passwall                 Erth           0%         N/A       69%         3
 Sigil of Binding         Hex            0%         N/A       69%         3
 Stone Arrow              Conj/Erth      0%         3d7       69%         3
 Swiftness                Air            0%         N/A       69%         3
 Vampiric Draining        Necr           0%         2d6       69%         3
 Brom's Barrelling Bould  Conj/Erth      0%         2d3       97%         4
 Dimensional Bullseye     Hex/Tloc       0%         N/A       97%         4
 Summon Blazeheart Golem  Fire/Summ      0%         N/A       97%         4
 Curse of Agony           Necr           0%         N/A       100%        5
 Silence                  Hex/Air        0%         N/A       100%        5
 Starburst                Conj/Fire      0%         6d3       100%        6
 Summon Hydra             Summ           0%         N/A       100%        7
 Maxwell's Capacitive Co  Air            0%         ∞         100%        8


Dungeon Overview and Level Annotations

Branches:
Dungeon (7/15)             Temple (1/1) D:4

Altars:
Ashenzari
Cheibriados
Dithmenos
Elyvilon
Fedhas
Gozag
Hepliaklqana
Makhleb
Nemelex Xobeh
Okawaru
Qazlal
Ru
Sif Muna
Trog
Vehumet
Wu Jian
Xom
Yredelemnul
Zin
The Shining One

Shops:
D:6 :


Innate Abilities, Weirdness & Mutations

You are a hulking beast.
Your limbs bulge with bestial killing power. (Slay +4)
You cannot wear most types of armour.
You are amphibious.
You can wear up to eight rings at the same time.
Your skin changes colour to match your surroundings (Stealth+).
Your rubbery body absorbs attacks. (AC +1, EV +1)
((You are camouflaged when in or above water. (Stealth+)))
You have tentacles for arms and can constrict up to eight enemies at once.


Message History

You barely miss the acid dragon. You squeeze the acid dragon.
The acid dragon is heavily wounded.
A black bear comes into view.
The acid dragon closely misses you. x2
The black bear growls angrily.
You tentacle-slap the acid dragon.
The acid dragon is heavily wounded.
The acid dragon bites you! The acid dragon claws you.
* * * LOW HITPOINT WARNING * * *
You take 16 damage, and have 16/60 hp.
MASSIVE DAMAGE!!
You barely miss the acid dragon.
The acid dragon is heavily wounded.
The centaur hits you.
* * * LOW HITPOINT WARNING * * *
The centaur kicks you.
* * * LOW HITPOINT WARNING * * *
The acid dragon bites you.
* * * LOW HITPOINT WARNING * * *
The acid dragon claws you but does no damage.
You take 11 damage, and have 5/60 hp.
You tentacle-slap the acid dragon.
The acid dragon is severely wounded.
The centaur barely misses you. x2
You tentacle-slap the acid dragon. You squeeze the acid dragon.
The acid dragon is almost dead.
The centaur hits you.
* * * LOW HITPOINT WARNING * * *
The centaur closely misses you. The acid dragon spits acid at you.
The splash of acid misses you.
The splash of acid hits the black bear!!
The black bear dies!
You take 1 damage, and have 5/60 hp.
Unknown command.
You feel better. The centaur barely misses you. The centaur kicks you.
* * * LOW HITPOINT WARNING * * *
The acid dragon bites you!
* * * LOW HITPOINT WARNING * * *
The acid dragon closely misses you. The centaur hits you.
You die...

... #.###..#.#.. ...
#..##..#.+.. #.#
#...+..+###' #.##### #.#
#.###..#....
.......##.###.###..#....
#.###..$#.......###+###'
..............### #.
##..#...####### ##
#....ch..# #
##....D....... #####
#..>.....##### .....
..........# #####
##......... ##....#####
#.... #.#.#


You could see an acid dragon (catching breath) and a centaur.

Vanquished Creatures
  A water moccasin (D:6)
  A black bear (D:6)
  3 ogres
  Blork the orc (D:4)
  6 scorpions
  3 hounds
  A bombardier beetle (D:4)
  4 orc priests
  2 jellies
  3 sleepcaps
  2 iguanas (D:5)
  6 orc wizards
  7 gnolls
  An adder (D:5)
  A shadow imp (D:5)
  A white imp (D:7)
  4 ribbon worms
  27 orcs
  6 ball pythons
  5 bats
  11 endoplasms
  5 giant cockroaches (D:2)
  8 goblins
  10 hobgoblins
  A quokka (D:5)
  2 frilled lizards (D:1)
  10 kobolds
  3 rats
135 creatures vanquished.

Vanquished Creatures (others)
  A black bear (D:7)
1 creature vanquished.

Grand Total: 136 creatures vanquished

Notes
Turn   | Place    | Note
-------+----------+-------------------------------------------
     0 | D:1      | Dirtsage the Octopode Shapeshifter began the quest for the
                  | Orb.
     0 | D:1      | Reached XP level 1. HP: 13/13 MP: 1/1
    32 | D:1      | Reached XP level 2. HP: 18/18 MP: 2/2
   455 | D:2      | Reached XP level 3. HP: 23/23 MP: 3/3
   595 | D:2      | Found a stormy altar of Qazlal.
  1495 | D:3      | Found an iron altar of Okawaru.
  1742 | D:3      | Reached XP level 4. HP: 29/29 MP: 4/4
  2164 | D:4      | Reached skill level 4 in Shapeshifting
  2164 | D:4      | Reached XP level 5. HP: 24/34 MP: 5/5
  2199 | D:4      | Found a glowing golden altar of the Shining One.
  2257 | D:4      | Became a worshipper of the Shining One
  2262 | D:4      | Upgraded the game from 0.32-a0-685-g93135e86f0 to
                  | 0.32-a0-699-g1ee5eff69a
  2568 | D:4      | Found a snail-covered altar of Cheibriados.
  2568 | D:4      | Found a stormy altar of Qazlal.
  2575 | D:4      | Found a broken altar of Ashenzari.
  2577 | D:4      | Found a hazy altar of Hepliaklqana.
  2579 | D:4      | Found a shimmering altar of Xom.
  2632 | D:4      | Noticed Blork the orc
  2638 | D:4      | Killed Blork the orc
  2639 | D:4      | Reached XP level 6. HP: 18/41 MP: 6/6
  2752 | D:4      | Found a staircase to the Ecumenical Temple.
  2762 | Temple   | Entered the Ecumenical Temple
  3057 | D:5      | Entered Level 5 of the Dungeon
  3073 | D:5      | Found the +6 shillelagh "Devastator" {shatter}
  3169 | D:5      | Reached skill level 5 in Shapeshifting
  3322 | D:5      | Reached XP level 7. HP: 42/46 MP: 7/7
  3936 | D:5      | Reached XP level 8. HP: 50/54 MP: 8/8
  4040 | D:5      | Reached skill level 6 in Shapeshifting
  4494 | D:6      | Identified the +7 sling "Lacertilianslayer" {freeze, rCorr
                  | Dex+4}
  4592 | D:6      | Reached skill level 5 in Unarmed Combat
  4670 | D:6      | Reached * piety under the Shining One
  4764 | D:6      | Found a shimmering blue altar of Sif Muna.
  5074 | D:6      | Found Weilob's Book Boutique.
  5135 | D:6      | Reached skill level 5 in Dodging
  5312 | D:6      | Found a burning altar of Makhleb.
  5406 | D:7      | Reached skill level 7 in Shapeshifting
  5588 | D:7      | Found a basalt altar of Yredelemnul.
  5618 | D:7      | Reached XP level 9. HP: 60/60 MP: 9/9
  5652 | D:7      | Slain by a centaur

Illustrated notes

Levels and vault maps discovered:
D:1:      minmay_arrival_semitransparent, layout_basic, item_on_display_a
D:2:      layout_loops_corners, basic_altar
D:3:      layout_rooms, okawaru_gym_becter, nrook_mini_vaults, minmay_between
D:4:      layout_loops_corners, chequers_temple_overflow_minitemple,
          tso_metal_star, minmay_temple_entry_antechambers, uniq_blork_the_orc
D:5:      layout_basic
D:6:      layout_loops_ring, lightli_temple_of_fire, lemuel_doored_altar,
          serial_shops, shop
D:7:      layout_loops_ring, mainiacjoe_overflow_24_doors, lemuel_crystal_altar,
          uniq_maggie
Temple:   hellmonk_temple_micro_hex

Skill      XL: |  1  2  3  4  5  6  7  8 |
---------------+-------------------------+-----
Fighting       | 2 3 4 |  4.9
Shapeshifting  | 4 5 7 |  7.2
Dodging        | 3 4 5 |  5.2
Unarmed Combat | 4 5 |  5.7

Action                     |  1- 3 |  4- 6 |  7- 9 || total
---------------------------+-------+-------+-------++-------
  Melee: Unarmed           |    72 |    74 |   113 ||   259
         Constrict         |    18 |    24 |    40 ||    82
         Tentacles         |    14 |    23 |    30 ||    67
         Punch             |     4 |     3 |     8 ||    15
    Use: Potion            |       |     1 |     1 ||     2
   Stab: Sleeping          |     7 |     4 |       ||    11
 Armour: Skin              |    11 |    21 |    46 ||    78
  Dodge: Dodged            |    40 |    28 |    72 ||   140

Table legend: (Time is in decaauts)
 A = Elapsed time spent in this place.
 B = Non-inter-level travel time spent in this place.
 C = Inter-level travel time spent in this place.
 D = Time resting spent in this place.
 E = Time spent auto-exploring this place.
 F = Levels seen in this place.
 G = Mean time per level.
                   A        B        C        D        E       F      G
               +--------+--------+--------+--------+--------+-----+--------+
         Total |   5631 |   5406 |    225 |    171 |   4492 |   8 |  703.9 |
       Dungeon |   5629 |   5404 |    225 |    171 |   4492 |   7 |  804.1 |
        Temple |      1 |      1 |      0 |      0 |      0 |   1 |    1.0 |
               +--------+--------+--------+--------+--------+-----+--------+

Top non-repeatable levels by time:
     D:5: 1301 daAuts
     D:4: 1300 daAuts
     D:2: 961 daAuts
     D:6: 902 daAuts
     D:3: 471 daAuts
     D:1: 440 daAuts
     D:7: 252 daAuts
  Temple: 1 daAuts
